 Dungeon Crawl Stone Soup version 0.21-a0-584-g185da8e (webtiles) character file.

46 sithsevirus the Gusty (level 3, -2/28 HPs)
             Began as a Draconian Air Elementalist on Dec 20, 2017.
             Slain by a gnoll
             ... wielding a +0 halberd
              (10 damage)
             ... on level 2 of the Dungeon.
             The game lasted 00:04:17 (1335 turns).

sithsevirus the Gusty (Draconian Air Elementalist)  Turns: 1335, Time: 00:04:18

Health: -2/28      AC:  5    Str: 10    XL:     3   Next: 46%
Magic:  1/6        EV: 12    Int: 16    God:
Gold:   54         SH:  0    Dex: 11    Spells: 5/6 levels left

rFire    . . .     SeeInvis .   i - -2 spear (curse)
rCold    . . .     Gourm    .   (no shield)
rNeg     . . .     Faith    .   (armour unavailable)
rPois    .         Spirit   .   (helmet restricted)
rElec    .         Reflect  .   (no cloak)
rCorr    .         Harm     .   (no gloves)
MR       .....                  (no boots)
Stlth    ++........             (no amulet)
HPRegen  0.09/turn              (no ring)
MPRegen  0.10/turn              (no ring)

@: no status effects
A: unfitting armour, cold-blooded, AC +5
a: no special abilities


You were on level 2 of the Dungeon.
You were not hungry.

You visited 1 branch of the dungeon, and saw 2 of its levels.

You collected 54 gold pieces.

Inventory:

Hand Weapons
 c - a +0 short sword
 i - a cursed -2 spear (weapon)
Missiles
 e - 79 stones (quivered)
Jewellery
 j - an uncursed ring of see invisible {unknown}
Potions
 d - a potion of curing {unknown}
 f - 2 potions of heal wounds
 g - a potion of lignification {unknown}
Books
 a - a book of Air

   Spells                             Type                      Level
   a - Shock                          Conjuration/Air              1
   b - Swiftness                      Charms/Air                   2
   c - Static Discharge               Conjuration/Air              3
   d - Airstrike                      Air                          4
   e - Lightning Bolt                 Conjuration/Air              5
Comestibles
 b - 2 rations
 h - 3 chunks of flesh


   Skills:
 + Level 1.4 Fighting
 - Level 1.7 Dodging
 + Level 2.4 Stealth
 - Level 2.0 Spellcasting
 + Level 1.8 Conjurations
 + Level 3.4 Air Magic


You had 5 spell levels left.
You knew the following spells:

 Your Spells              Type           Power        Failure   Level  Hunger
a - Shock                 Conj/Air       ##..         7%          1    #......


Dungeon Overview and Level Annotations

Branches:
Dungeon (2/15)

Altars:


Innate Abilities, Weirdness & Mutations

Your plain brown scales are hard. (AC +5)
You cannot fit into any form of body armour.
You are cold-blooded and may be slowed by cold attacks.


Message History

The gnoll is heavily wounded.
The gnoll hits you with a halberd.
* * * LOW HITPOINT WARNING * * *
Casting: Shock
Confirm with . or Enter, or press ? or * to list all spells.
Aiming: Shock
Press: ? - help, Shift-Dir - straight line, f/p - gnoll
Aim: a gnoll, wielding a halberd (heavily wounded)
The zap hits the gnoll.
The gnoll is heavily wounded.
The gnoll closely misses you.
Casting: Shock
Confirm with . or Enter, or press ? or * to list all spells.
Aiming: Shock
Press: ? - help, Shift-Dir - straight line, f/p - gnoll
Aim: a gnoll, wielding a halberd (heavily wounded)
The zap hits the gnoll.
The gnoll is severely wounded.
The gnoll hits you with a halberd!
You die...

.. .# ###.# . .. ...# ....
...# #####.####..#.#
#.......##..#.#
#.......g@..#.### # ..
###.......##..#...#.# ...
#..........#......... ...
#.......<..##......## ...
#..........##......#
...###...)......##......#
#.......g....)..##.#.#.##
#......#####).รท(##.#.#...
#...(..# #.g.....#.. ###


You could see a gnoll.

Vanquished Creatures
  2 gnolls
  An ooze (D:1)
  A dart slug (D:1)
  3 bats (D:1)
  A goblin (D:1)
  A hobgoblin (D:1)
  8 kobolds
  2 frilled lizards (D:1)
  2 rats (D:2)
21 creatures vanquished.

Notes
Turn   | Place    | Note
-------+----------+-------------------------------------------
     0 | D:1      | sithsevirus the Draconian Air Elementalist began the quest for the Orb.
     0 | D:1      | Reached XP level 1. HP: 14/14 MP: 3/3
   377 | D:1      | Reached XP level 2. HP: 20/22 MP: 1/5
   504 | D:1      | Reached skill level 1 in Fighting
   819 | D:1      | Reached XP level 3. HP: 28/28 MP: 2/6
  1335 | D:2      | Slain by a gnoll

Vault maps used:
D:1:      minmay_arrival_hallway
D:2:      nicolae_overflow_hidden_temple, fedhas_altar_3, uniq_sigmund

Skill      XL: |  1  2 |
---------------+-------+-----
Stealth        | 2 |  2.4
Fighting       | 1 |  1.4
Dodging        | |  1.7
Spellcasting   | |  2.0
Conjurations   | |  1.8
Air Magic      | |  3.4

Action                   || total
-------------------------++-------
Melee: Short sword       ||    14
       Tailslap          ||     3
       Spear             ||     7
Throw: Stone             ||     2
 Cast: Shock             ||    49
  Use: Scroll            ||     1
  Eat: Chunk             ||     2
Armor: Skin              ||    17
Dodge: Dodged            ||    24

Table legend:
 A = Spawn XP
 B = Non-spawn XP
 C = Spawn XP percentage of total XP
 D = Spawn monster count
 E = Non-spawn monster count
 F = Spawn count percentage of total count
 G = Total turns spent on level
                    A         B        C        D         E        F      G
               +---------+---------+-------+---------+---------+-------+---------
         Total |       0 |      67 |   0.0 |       0 |      21 |   0.0 |  1335
               +---------+---------+-------+---------+---------+-------+---------
           D:1 |       0 |      47 |   0.0 |       0 |      16 |   0.0 |  1222
           D:2 |       0 |      20 |   0.0 |       0 |       5 |   0.0 |   113
               +---------+---------+-------+---------+---------+-------+---------
